 Dungeon Crawl Stone Soup version 0.31-a0-188-g5e087ee2ca (webtiles) character file.

Game seed: 10449516670879262889

364 qw the Skirmisher (level 6, -4/36 HPs)
             Began as a Deep Elf Hunter on June 23, 2023.
             Slain by an iguana (9 damage)
             ... on level 4 of the Dungeon.
             The game lasted 00:01:13 (2849 turns).

qw the Skirmisher (Deep Elf Hunter)                 Turns: 2849, Time: 00:01:14

Health: -4/36      AC:  7    Str: 10    XL:     6   Next: 39%
Magic:  8/8        EV: 11    Int: 14    God:
Gold:   197        SH:  0    Dex: 18    Spells: 5/5 levels left

rFire   . . .        Y - +0 shortbow
rCold   . . .        (shield currently unavailable)
rNeg    + . .        c - +0 ring mail
rPois   .            f - +0 helmet
rElec   .            (no cloak)
rCorr   +            (no gloves)
SInv    .            b - +0 pair of boots
Will    .....        g - amulet of the acrobat
Stlth   +            e - ring of resist corrosion
HPRegen 0.26/turn    h - ring of positive energy
MPRegen 0.11/turn

%: acrobat
@: no status effects
A: no striking features
a: no special abilities


You were on level 4 of the Dungeon.
You visited 1 branch of the dungeon, and saw 4 of its levels.
You also visited: Sewer.

You collected 302 gold pieces.
You spent 105 gold pieces at shops.


   Skills:
 - Level 2.5 Fighting
 - Level 9.7 Ranged Weapons
 + Level 0.0 Armour
 - Level 2.4 Dodging
 - Level 1.2 Stealth


You had 5 spell levels left.
You didn't know any spells.
Your spell library was empty.

Inventory:

Hand Weapons
 Y - a +0 shortbow (weapon)
Armour
 b - a +0 pair of boots (worn)
 c - a +0 ring mail (worn)
 f - a +0 helmet (worn)
Jewellery
 e - a ring of resist corrosion (left hand)
 g - an amulet of the acrobat (around neck)
 h - a ring of positive energy (right hand)
 l - a ring of fire
 m - a +6 ring of strength
Scrolls
 j - a scroll of identify
 n - a scroll of poison {unknown}
Potions
 a - a potion of curing
 d - a potion of haste
 i - 2 potions of enlightenment
 k - a potion of resistance {unknown}

Dungeon Overview and Level Annotations

Branches:
Dungeon (4/15)              Sewer (visited)
 Temple: D:4-7

Altars:
Cheibriados
Elyvilon
Nemelex Xobeh

Shops:
D:1 :!(?   D:3 *


Message History

Enter note: You shoot an arrow.
The arrow hits the iguana.
The iguana hisses angrily.
The iguana is lightly wounded.
You shoot an arrow. The arrow closely misses the iguana.
The iguana bites you.
You shoot an arrow. The arrow barely misses the iguana.
The iguana barely misses you.
You shoot an arrow. The arrow closely misses the iguana.
The iguana bites you but does no damage.
You shoot an arrow. The arrow hits the iguana.
The iguana is moderately wounded.
The iguana bites you.
You shoot an arrow. The arrow hits the iguana.
The iguana is heavily wounded.
The iguana bites you. x2
You shoot an arrow. The arrow hits the iguana.
The iguana is severely wounded.
The iguana barely misses you.
You shoot an arrow. The arrow barely misses the iguana.
The iguana closely misses you.
You shoot an arrow. The arrow completely misses the iguana.
The iguana bites you.
You shoot an arrow. The arrow closely misses the iguana.
The iguana bites you!
You shoot an arrow.
The arrow hits the iguana but does no damage.
The iguana is severely wounded.
The iguana bites you but does no damage.
You shoot an arrow. The arrow completely misses the iguana.
The iguana bites you!
You shoot an arrow.
The arrow hits the iguana but does no damage.
The iguana is severely wounded.
The iguana barely misses you.
You shoot an arrow.
The arrow hits the iguana but does no damage.
The iguana is severely wounded.
The iguana bites you!
You die...

#... #... #..#
#... ######..# #
........##.#
#......l..# #@#
#.# #.# #.# #..
#.# #.# ##.## #.#
.######..(## #.#
)..........#####.
#.#
#######...[......


You could see an iguana.

Vanquished Creatures
  A water moccasin (Sewer)
  A scorpion (D:4)
  Jessica (D:3)
  An orc wizard (D:3)
  6 adders
  A gnoll (D:1)
  An ufetubus (D:4)
  3 worms
  2 dart slugs
  4 orcs
  5 ball pythons
  8 endoplasms
  3 giant cockroaches
  4 goblins
  5 hobgoblins
  4 jackals
  6 kobolds
  7 bats
  A frilled lizard (D:1)
  9 rats
73 creatures vanquished.

Notes
Turn   | Place    | Note
-------+----------+-------------------------------------------
     0 | D:1      | qw the Deep Elf Hunter began the quest for the Orb.
     0 | D:1      | Reached XP level 1. HP: 12/12 MP: 3/3
     0 | D:1      | 0 ||| qw: Version: 0.3-a-9-g12657ce
     0 | D:1      | 0 ||| qw: Game counter: 3869
     0 | D:1      | 0 ||| qw: Always use a shield: true
     0 | D:1      | 0 ||| qw: God list: Okawaru
     0 | D:1      | 0 ||| qw: Allow faded altars: false
     0 | D:1      | 0 ||| qw: Do Orc after D:15 true
     0 | D:1      | 0 ||| qw: Do second Lair branch before Depths: true
     0 | D:1      | 0 ||| qw: Lair rune preference: random
     0 | D:1      | 0 ||| qw: Plans: Normal
     0 | D:1      | 0 ||| PLANNING D:1-11
   112 | D:1      | Found a faded altar of an unknown god.
   218 | D:1      | Found Facay's Distillery.
   228 | D:1      | 228 ||| SHOPLISTING potion of curing (33 gold, have 21).
   228 | D:1      | 228 ||| SHOPLISTING potion of might (44 gold, have 21).
   258 | D:1      | Found Rumnucoe's Antique Weapon Shoppe.
   262 | D:1      | 262 ||| SHOPLISTING glowing shortbow (156 gold, have 21).
   276 | D:1      | Reached skill level 6 in Ranged Weapons
   276 | D:1      | Reached XP level 2. HP: 16/16 MP: 4/4
   366 | D:1      | Found Ubudd's Book Boutique.
   404 | D:1      | 404 ||| FLEEEEING.
   622 | D:1      | Found Xuafacli's Magic Scroll Shop.
   625 | D:1      | 625 ||| BUYING 2 scrolls of identify (40 gold).
   625 | D:1      | Bought 2 scrolls of identify for 40 gold pieces
   625 | D:1      | 625 ||| SHOPLISTING 2 scrolls of teleportation (60 gold,
                  | have 15).
   625 | D:1      | 625 ||| SHOPLISTING scroll of enchant armour (75 gold, have
                  | 15).
   625 | D:1      | 625 ||| SHOPLISTING scroll of identify (20 gold, have 15).
   787 | D:1      | 787 ||| UPGRADING to amulet of the acrobat.
   792 | D:1      | 792 ||| UPGRADING to ring of resist corrosion.
   793 | D:1      | 793 ||| READING scroll labelled RAOLLE BEXZA.
   794 | D:1      | 794 ||| READING scroll labelled DEBIOTEVAIL.
   795 | D:1      | 795 ||| DRINKING 2 sedimented inky potions.
   796 | D:1      | 796 ||| READING 2 scrolls of identify.
   796 | D:1      | 796 ||| IDENTIFYING grey potion
   797 | D:1      | 797 ||| DROPPING scroll of butterflies.
   829 | D:2      | 829 ||| STAIRDANCE
   884 | D:2      | 884 ||| STAIRDANCE
   923 | D:2      | 923 ||| FLEEEEING.
   925 | D:2      | 925 ||| STAIRDANCE
   943 | D:2      | Reached XP level 3. HP: 20/20 MP: 5/5
  1078 | D:2      | HP: 5/20 [poisoned by an adder]
  1079 | D:2      | 1079 ||| DRINKING 3 potions of heal wounds.
  1083 | D:2      | HP: 3/20 [kobold/+0 short sword (4)]
  1084 | D:2      | Reached skill level 7 in Ranged Weapons
  1084 | D:2      | 1084 ||| DRINKING 2 potions of heal wounds.
  1115 | D:2      | 1115 ||| FLEEEEING.
  1117 | D:2      | 1117 ||| FLEEEEING.
  1118 | D:2      | 1118 ||| FLEEEEING.
  1119 | D:2      | 1119 ||| FLEEEEING.
  1120 | D:2      | 1120 ||| FLEEEEING.
  1121 | D:2      | 1121 ||| FLEEEEING.
  1122 | D:2      | 1122 ||| FLEEEEING.
  1123 | D:2      | 1123 ||| FLEEEEING.
  1124 | D:2      | 1124 ||| FLEEEEING.
  1125 | D:2      | 1125 ||| FLEEEEING.
  1126 | D:2      | 1126 ||| FLEEEEING.
  1127 | D:2      | 1127 ||| FLEEEEING.
  1128 | D:2      | 1128 ||| FLEEEEING.
  1129 | D:2      | 1129 ||| FLEEEEING.
  1130 | D:2      | 1130 ||| FLEEEEING.
  1131 | D:2      | 1131 ||| FLEEEEING.
  1132 | D:2      | 1132 ||| FLEEEEING.
  1133 | D:2      | 1133 ||| FLEEEEING.
  1134 | D:2      | 1134 ||| FLEEEEING.
  1135 | D:2      | 1135 ||| FLEEEEING.
  1136 | D:2      | 1136 ||| FLEEEEING.
  1137 | D:2      | 1137 ||| STAIRDANCE
  1142 | D:1      | 1142 ||| UPGRADING to +0 scale mail.
  1152 | D:1      | 1152 ||| DROPPING +0 leather armour.
  1367 | D:2      | 1367 ||| UPGRADING to +0 ring mail.
  1377 | D:2      | 1377 ||| DROPPING +0 scale mail.
  1378 | D:2      | 1378 ||| READING 2 scrolls of identify.
  1378 | D:2      | 1378 ||| IDENTIFYING brown potion
  1393 | D:3      | 1393 ||| PLANNING SEWER
  1405 | D:3      | HP: 2/20 [adder (4)]
  1406 | D:3      | 1406 ||| DRINKING potion of heal wounds.
  1410 | D:3      | Reached XP level 4. HP: 21/25 MP: 6/6
  1471 | D:3      | Noticed Jessica
  1473 | D:3      | Killed Jessica
  1474 | D:3      | Reached skill level 8 in Ranged Weapons
  1556 | D:3      | Reached XP level 5. HP: 29/29 MP: 7/7
  1617 | D:3      | Found Asomiuke's General Store.
  1625 | D:3      | 1625 ||| SHOPLISTING +2 ring mail of fire resistance (273
                  | gold, have 107).
  1625 | D:3      | 1625 ||| SHOPLISTING +2 shortbow of draining (226 gold,
                  | have 107).
  1625 | D:3      | 1625 ||| BUYING potion of enlightenment (65 gold).
  1625 | D:3      | Bought a potion of enlightenment for 65 gold pieces
  1625 | D:3      | 1625 ||| SHOPLISTING scroll of enchant weapon (97 gold,
                  | have 42).
  1850 | D:3      | Found a sparkling altar of Nemelex Xobeh.
  1955 | D:3      | Found a glowing drain.
  1956 | D:3      | 1956 ||| UPGRADING to +0 pair of boots.
  1961 | D:3      | 1961 ||| UPGRADING to ring of positive energy.
  1962 | D:3      | 1962 ||| READING 3 scrolls of identify.
  1962 | D:3      | 1962 ||| IDENTIFYING bubbling purple potion
  1963 | D:3      | 1963 ||| READING 2 scrolls of identify.
  1963 | D:3      | 1963 ||| IDENTIFYING pink potion
  1964 | D:3      | 1964 ||| DROPPING potion of lignification.
  1965 | D:3      | 1965 ||| DROPPING potion of brilliance.
  1970 | Sewer    | Entered a sewer
  1992 | Sewer    | Noticed a water moccasin
  2001 | Sewer    | Killed a water moccasin
  2002 | Sewer    | Reached skill level 9 in Ranged Weapons
  2002 | Sewer    | Reached XP level 6. HP: 29/34 MP: 8/8
  2055 | Sewer    | 2055 ||| UPGRADING to +0 helmet.
  2060 | Sewer    | 2060 ||| READING scroll labelled GULUC INKAOF.
  2069 | D:3      | 2069 ||| PLANNING D:1-11
  2137 | D:3      | Found a snail-covered altar of Cheibriados.
  2388 | D:3      | Found a white marble altar of Elyvilon.
  2847 | D:4      | HP: 4/36 [iguana (10)]
  2849 | D:4      | Slain by an iguana

Levels and vault maps discovered:
D:1:      evilmike_arrival_crescent, layout_basic, serial_forest,
          infiniplex_forest_corner_1, infiniplex_forest_lined_room_2,
          infiniplex_forest_zigzag_1, infiniplex_forest_straight_3,
          infiniplex_forest_clump_medium, infiniplex_forest_lined_4_way,
          infiniplex_forest_straight_1, dreamdust_ecumenical_altar_grove,
          serial_shops, shop, shop, nicolae_shop_real_fake_doors,
          nicolae_shop_rolled_up, minivault_26, nicolae_grassy_gnolls
D:2:      layout_rooms, minmay_heptomino_w4
D:3:      layout_loops_ring, mainiacjoe_overflow_cross_hatched,
          lemuel_coloured_pillars_altar, marbit_many_paths,
          portal_sewer_entry_e, serial_shops, shop_fountains, uniq_jessica
D:4:      dreamdust_elfheim, layout_loops_corners, lemuel_tele_altar,
          minmay_gold_behind_fungi, chequers_serial_rivers_marsh,
          amethyst_killhole, dreamdust_princess_bridge

Skill      XL: |  1  2  3  4  5  6 |
---------------+-------------------+-----
Ranged Weapons | 6 7 8 9 |  9.7
Fighting       | 2 |  2.5
Dodging        | |  2.4
Stealth        | |  1.2

Action                     |  1- 3 |  4- 6 || total
---------------------------+-------+-------++-------
   Fire: Shortbow          |    96 |   137 ||   233
    Use: Scroll            |     4 |     3 ||     7
         Potion            |     4 |       ||     4
 Armour: Leather armour    |    13 |       ||    13
         Ring mail         |    13 |    14 ||    27
  Dodge: Dodged            |    63 |    37 ||   100

Table legend:
 A = Non-vault XP
 B = Vault XP
 C = Vault XP percentage of total XP
 D = Non-vault monster count
 E = Vault monster count
 F = Vault count percentage of total count
                 A         B        C        D         E       F
            +---------+---------+-------+---------+---------+-------
      Total |     293 |     227 |  43.7 |      52 |      21 |  28.8
            +---------+---------+-------+---------+---------+-------
        D:1 |      24 |      14 |  36.8 |      13 |       1 |   7.1
        D:2 |      43 |      12 |  21.8 |      11 |       7 |  38.9
        D:3 |     126 |      50 |  28.4 |      21 |      10 |  32.3
        D:4 |     100 |       0 |   0.0 |       7 |       0 |   0.0
      Sewer |       0 |     151 | 100.0 |       0 |       3 | 100.0
            +---------+---------+-------+---------+---------+-------
